 Dungeon Crawl Stone Soup version 0.22-a0-136-g83a10e5 (webtiles) character file.

93 Lathuz the Digger (level 4, -3/24 HPs)
             Began as a Gargoyle Earth Elementalist on Feb 2, 2018.
             Slain by a gnoll
             ... wielding a +1 halberd of protection
              (8 damage)
             ... on level 3 of the Dungeon.
             The game lasted 00:06:13 (2707 turns).

Lathuz the Digger (Gargoyle Earth Elementalist)     Turns: 2707, Time: 00:06:14

Health: -3/24      AC: 13    Str: 12    XL:     4   Next: 61%
Magic:  0/8        EV: 11    Int: 16    God:
Gold:   115        SH:  3    Dex: 10    Spells: 5/9 levels left

rFire    . . .     SeeInvis .   j - +1 dagger (protect)
rCold    . . .     Gourm    .   p - +0 buckler
rNeg     + . .     Faith    .   c - +0 robe
rPois    ∞         Spirit   .   (no helmet)
rElec    +         Reflect  .   (no cloak)
rCorr    .         Harm     .   (no gloves)
MR       .....                  a - +0 pair of boots
Stlth    ++........             (no amulet)
HPRegen  0.08/turn              (no ring)
MPRegen  0.11/turn              (no ring)

@: protection aura, very slightly contaminated
A: negative energy resistance 1, electricity resistance, unbreathing,
petrification resistance, rot immunity, AC +3
a: no special abilities


You were on level 3 of the Dungeon.
You were not hungry.

You visited 1 branch of the dungeon, and saw 3 of its levels.

You collected 115 gold pieces.

Inventory:

Hand Weapons
 j - a +1 dagger of protection (weapon)
Armour
 a - a +0 pair of boots (worn)
 c - a +0 robe (worn)
 p - a +0 buckler (worn)
Wands
 q - a wand of random effects (17)
Scrolls
 g - 4 scrolls of identify {unknown}
 i - a scroll of remove curse {unknown}
 l - a scroll of amnesia {unknown}
 m - a scroll of immolation {unknown}
 n - a scroll of enchant weapon {unknown}
Potions
 f - 2 potions of mutation {unknown}
 h - a potion of haste {unknown}
 k - 2 potions of cancellation {unknown}
 o - a potion of ambrosia {unknown}
Books
 e - a book of Geomancy

   Spells                             Type                      Level
   a - Sandblast                      Earth                        1
   b - Passwall                       Transmutation/Earth          2
   c - Stone Arrow                    Conjuration/Earth            3
   d - Petrify                        Transmutation/Earth          4
   e - Lee's Rapid Deconstruction     Earth                        5
Comestibles
 d - 6 rations


   Skills:
 - Level 1.5 Dodging
 - Level 2.1 Stealth
 + Level 3.1 Spellcasting
 + Level 1.6 Conjurations
   Level 0.7 Transmutations
 + Level 4.9 Earth Magic


You had 5 spell levels left.
You knew the following spells:

 Your Spells              Type           Power        Failure   Level  Hunger
a - Sandblast             Erth           ###...       4%          1    None
b - Stone Arrow           Conj/Erth      ##....       24%         3    ###....


Dungeon Overview and Level Annotations

Branches:
Dungeon (3/15)

Altars:
Dithmenos


Innate Abilities, Weirdness & Mutations

You are resistant to torment.
Your stone body is resilient. (AC +3)
You are immune to poison.
You resist negative energy. (rN+)
You are resistant to electric shocks. (rElec)
You can survive without breathing.
You are immune to petrification.
You are immune to rotting.


Message History

The gnoll is severely wounded.
The gnoll hits you with a halberd of protection!
* * * LOW HITPOINT WARNING * * *
Casting: Stone Arrow (safe; 24% risk of failure)
Confirm with . or Enter, or press ? or * to list all spells.
You don't have enough magic to cast that spell.
You closely miss the gnoll.
The gnoll is severely wounded.
Casting: Stone Arrow (safe; 24% risk of failure)
Confirm with . or Enter, or press ? or * to list all spells.
Aiming: Stone Arrow (safe; 24% risk of failure)
Press: ? - help, Shift-Dir - straight line, f/p - gnoll
Aim: a gnoll, wielding a halberd of protection (severely wounded)
You miscast Stone Arrow.
Nothing appears to happen.
The gnoll hits you with a halberd of protection.
* * * LOW HITPOINT WARNING * * *
You barely miss the gnoll.
The gnoll is severely wounded.
The gnoll hits you with a halberd of protection!
You die...

....# #.......#
....######.......#
..........)......#
##...............# #
############....####.#
................#...
...#...#...#........
................#.##
...#...#...#..g@# #
........%.......#
###############%# #.#
..# ###


You could see a gnoll.

Vanquished Creatures
  An adder (D:2)
  4 gnolls (D:3)
  3 worms
  A dart slug (D:2)
  2 leopard geckos
  An orc (D:3)
  2 giant cockroaches
  4 goblins
  3 hobgoblins
  A bat (D:2)
  3 frilled lizards (D:1)
  6 kobolds
  3 rats (D:1)
34 creatures vanquished.

Notes
Turn   | Place    | Note
-------+----------+-------------------------------------------
     0 | D:1      | Lathuz the Gargoyle Earth Elementalist began the quest for the Orb.
     0 | D:1      | Reached XP level 1. HP: 10/10 MP: 3/3
   612 | D:1      | Reached skill level 4 in Earth Magic
   612 | D:1      | Reached XP level 2. HP: 15/15 MP: 3/5
  1446 | D:2      | Reached XP level 3. HP: 14/19 MP: 0/7
  1528 | D:2      | Learned a level 3 spell: Stone Arrow
  1976 | D:3      | Found a shadowy altar of Dithmenos.
  2087 | D:3      | Reached skill level 1 in Conjurations
  2095 | D:3      | Reached XP level 4. HP: 16/24 MP: 0/8
  2707 | D:3      | Slain by a gnoll

Vault maps used:
D:1:      dpeg_arrival_tiny_h
D:2:      first_ration
D:3:      grunt_dithmenos_smoke, lemuel_coloured_pillars_altar

Skill      XL: |  1  2  3 |
---------------+----------+-----
Earth Magic    | 4 |  4.9
Conjurations   | 1 |  1.6
Spellcasting   | 3 |  3.1
Dodging        | |  1.5
Stealth        | |  2.1
Transmutations | |  0.7

Action                   |  1- 3 |  4- 6 || total
-------------------------+-------+-------++-------
Melee: Dagger            |    12 |    18 ||    30
Throw: Stone             |    29 |     1 ||    30
 Cast: Sandblast         |    34 |    13 ||    47
       Stone Arrow       |     9 |     5 ||    14
  Eat: Ration            |     1 |       ||     1
       Chunk             |     1 |     3 ||     4
Armor: Robe              |     8 |     5 ||    13
Dodge: Dodged            |    16 |     9 ||    25
Block: Buckler           |       |     2 ||     2

Table legend:
 A = Spawn XP
 B = Non-spawn XP
 C = Spawn XP percentage of total XP
 D = Spawn monster count
 E = Non-spawn monster count
 F = Spawn count percentage of total count
 G = Total turns spent on level
                    A         B        C        D         E        F      G
               +---------+---------+-------+---------+---------+-------+---------
         Total |       0 |     133 |   0.0 |       0 |      34 |   0.0 |  2707
               +---------+---------+-------+---------+---------+-------+---------
           D:1 |       0 |      18 |   0.0 |       0 |      13 |   0.0 |  1071
           D:2 |       0 |      40 |   0.0 |       0 |      10 |   0.0 |  1157
           D:3 |       0 |      75 |   0.0 |       0 |      11 |   0.0 |   479
               +---------+---------+-------+---------+---------+-------+---------
